 Dungeon Crawl Stone Soup version 0.27-a0-13-g87abb2d9eb (webtiles) character file.

Game seed: 14168284300878469247

5369 tbh1313 the Severer (level 10, -1/77 HPs)
             Began as a Minotaur Berserker on Jan 3, 2021.
             Was a High Priest of Trog.
             Killed from afar by an electric eel (8 damage)
             ... with a bolt of electricity
             ... on level 9 of the Dungeon.
             The game lasted 00:20:32 (7754 turns).

tbh1313 the Severer (Minotaur Berserker)            Turns: 7754, Time: 00:20:33

Health: -1/77      AC:  9    Str: 22    XL:     10   Next: 39%
Magic:  9/9        EV:  8    Int:  7    God:    Trog [*****.]
Gold:   299        SH:  5    Dex: 10    Spells: 10/10 levels left

rFire    + + +     SeeInvis +   C - +1 executioner's axe of Luxury {vorpal, +Fly rF++ Stlth+}
rCold    . . .     Faith    .   (shield currently unavailable)
rNeg     . . .     Spirit   .   k - +1 chain mail
rPois    .         Reflect  +   (helmet restricted)
rElec    .         Harm     .   (no cloak)
rCorr    .         Rampage  .   (no gloves)
Will     .....                  (no boots)
Stlth    ..........             t - amulet of reflection
HPRegen  0.22/turn              w - ring of protection from fire
MPRegen  0.11/turn              y - ring of see invisible

@: no status effects
A: retaliatory headbutt, horns 2
a: Renounce Religion, Evoke Flight, Berserk, Trog's Hand, Brothers in Arms


You were on level 9 of the Dungeon.
You worshipped Trog.
Trog was extremely pleased with you.
You visited 1 branch of the dungeon, and saw 9 of its levels.

You collected 299 gold pieces.

Inventory:

Hand Weapons
 a - a +5 battleaxe of freezing
 A - a +3 broad axe
 C - the +1 executioner's axe of Luxury (weapon) {vorpal, +Fly rF++ Stlth+}
   (Trog gifted it to you on level 9 of the Dungeon)

   It inflicts extra damage upon your enemies.
   It greatly protects you from fire.
   It lets you fly.
   It makes you more stealthy.
Armour
 k - a +1 chain mail (worn)
 E - the +3 warlock's mirror {reflect}
   (You took it off an orc warrior on level 9 of the Dungeon)
Jewellery
 f - an uncursed amulet of regeneration
 t - an amulet of reflection (around neck)
 w - a ring of protection from fire (left hand)
 y - a ring of see invisible (right hand)
Wands
 j - a wand of digging (8)
 u - a wand of paralysis (5)
Scrolls
 l - a scroll of identify
 n - 2 scrolls of fear
 p - 3 scrolls of remove curse
 s - 6 scrolls of teleportation
 x - a scroll of enchant armour
 B - a scroll of blinking
Potions
 b - 2 potions of attraction
 c - 2 potions of brilliance
 d - 2 potions of haste
 e - 2 potions of heal wounds
 g - 3 potions of curing
 h - a potion of cancellation
 i - 2 potions of flight
 m - 3 potions of degeneration
 o - a potion of invisibility
 q - a potion of magic
 r - a potion of might
 v - a potion of lignification
 z - a potion of mutation {unknown}


   Skills:
 - Level 3.6 Fighting
 + Level 17.3 Axes
 - Level 2.4 Armour
 - Level 2.1 Dodging
 - Level 0.5 Spellcasting


You had 10 spell levels left.
You didn't know any spells.
Your spell library contained the following spells:

 Spells                   Type           Power        Failure   Level
 Corona                   Hex            0%           99%         1
 Magic Dart               Conj           0%           99%         1
 Blink                    Tloc           N/A          99%         2
 Call Imp                 Summ           0%           99%         2
 Ensorcelled Hibernation  Hex/Ice        0%           99%         2
 Slow                     Hex            0%           99%         2
 Confusing Touch          Hex            0%           100%        3
 Conjure Flame            Conj/Fire      0%           100%        3
 Dazzling Flash           Conj/Hex       0%           100%        3
 Mephitic Cloud           Conj/Pois/Air  0%           100%        3
 Tukima's Dance           Hex            0%           100%        3


Dungeon Overview and Level Annotations

Branches:
Dungeon (9/15)             Temple (0/1) D:7            Lair (0/6) D:9
    Orc: D:9-12

Altars:
Cheibriados
Elyvilon
Fedhas
Makhleb
Nemelex Xobeh
Qazlal
Ru
Sif Muna
Uskayaw
Zin
The Shining One


Innate Abilities, Weirdness & Mutations

You reflexively headbutt those who attack you in melee.
You have a pair of horns on your head.


Message History

The bolt of electricity hits you!
You closely miss the electric eel. Your headbutt misses the electric eel.
The electric eel shoots out a bolt of lightning at you!
The bolt of electricity hits you.
You barely miss the electric eel. You headbutt the electric eel.
The electric eel is moderately wounded.
The electric eel shoots out a bolt of lightning at you!
The bolt of electricity misses you.
The electric eel shoots out a bolt of lightning at you!
The bolt of electricity hits you!
* * * LOW HITPOINT WARNING * * *
You hit the electric eel.
The electric eel is heavily wounded.
The electric eel shoots out a bolt of lightning at you!
The bolt of electricity hits the electric eel.
The electric eel completely resists.
The bolt of electricity hits you.
* * * LOW HITPOINT WARNING * * *
The electric eel shoots out a bolt of lightning at you!
The bolt of electricity hits you!
You die...

#..# #........# #...#
#..# #........# #.>..
#..# #........# #....
#..# #........# #....
#..####........####..##
#................##..#
#................##..##
#.....≈.≈.≈.≈..≈.##....
#....≈@≈.≈≈.≈........8≈
#..≈.≈;≈≈≈.≈.≈≈......≈8
#.≈.≈≈≈≈≈≈≈≈≈≈....##.≈≈
#.≈≈≈≈≈≈≈≈≈≈≈≈....##.≈≈
#.≈≈≈≈≈.≈.≈.≈≈≈≈.###.≈≈
#.≈≈≈≈≈≈....≈≈≈..# #...
#.≈≈;≈≈..>.≈.≈≈≈.# #)≈≈
#.≈≈≈≈≈≈.....≈.≈.# #.≈≈
≈..≈.≈≈≈..# #.≈≈


You could see 2 electric eels.

Levels and vault maps discovered:
D:1:      ncdulo_wetmaze, layout_basic, nemelex_xobeh_ov_fountains_minmay
D:2:      layout_rooms, old_standard_altar, nicolae_overflow_crystal_walls
D:3:      layout_rooms, ebering_ghost_rock_garden, guppyfry_early_lair_pool,
          uniq_robin
D:4:      layout_cave_pods, good_gods_temple_1
D:5:      layout_basic, slow_altar_2, chequers_arboretum
D:6:      layout_loops_ring, kennysheep_mini_moat, serial_shops,
          nicolae_shop_stone
D:7:      layout_cave_pods, minmay_temple_entry_grid, serial_park,
          serial_park_square3 [serial_park_minivault_5x5_8]
D:8:      layout_layer_cave, old_standard_altar,
          gammafunk_temple_overflow_forgotten, serial_glass, glass_columns_a,
          glass_columns_c, glass_columns_a, glass_columns_a, glass_columns_c,
          glass_columns_a, minmay_hedge_maze, uniq_prince_ribbit1
D:9:      layout_long_grid, gammafunk_temple_overflow_statue, erik_lair_island,
          erik_orc_2, serial_shops, nicolae_shop_temple_entry_statues_fountains,
          basic_altar

Notes
Turn   | Place    | Note
-------+----------+-------------------------------------------
     0 | D:1      | tbh1313 the Minotaur Berserker began the quest for the Orb.
     0 | D:1      | Reached XP level 1. HP: 19/19 MP: 0/0
    57 | D:1      | Reached skill level 4 in Axes
    57 | D:1      | Reached XP level 2. HP: 13/26 MP: 1/1
   236 | D:1      | Found a sparkling altar of Nemelex Xobeh.
   701 | D:1      | Reached XP level 3. HP: 31/31 MP: 2/2
   866 | D:2      | Found a shimmering blue altar of Sif Muna.
   876 | D:2      | Reached skill level 5 in Axes
  1080 | D:2      | Reached XP level 4. HP: 22/39 MP: 3/3
  1083 | D:2      | Reached skill level 6 in Axes
  1140 | D:2      | Found a sparkling altar of Nemelex Xobeh.
  1174 | D:2      | Reached ** piety under Trog
  1554 | D:3      | Reached XP level 5. HP: 45/45 MP: 4/4
  1561 | D:3      | Noticed Robin
  1562 | D:3      | Noticed a sky beast
  1575 | D:3      | Killed Robin
  1576 | D:3      | Reached skill level 7 in Axes
  1585 | D:3      | Killed a sky beast
  1643 | D:3      | Found a runed translucent gate.
  1644 | D:3      | Found a runed translucent gate.
  1671 | D:3      | Reached *** piety under Trog
  1673 | D:3      | Found a runed translucent gate.
  1673 | D:3      | Noticed ardl's ghost (amateur FoFi)
  1683 | D:3      | Killed ardl's ghost
  1684 | D:3      | Reached skill level 8 in Axes
  1684 | D:3      | Reached XP level 6. HP: 51/51 MP: 5/5
  1845 | D:4      | Reached skill level 9 in Axes
  2126 | D:4      | Noticed an orc warrior
  2131 | D:4      | Reached XP level 7. HP: 57/57 MP: 6/6
  2138 | D:4      | Reached skill level 10 in Axes
  2381 | D:4      | Found a glowing silver altar of Zin.
  2382 | D:4      | Found a glowing golden altar of the Shining One.
  2383 | D:4      | Found a white marble altar of Elyvilon.
  2647 | D:5      | Entered Level 5 of the Dungeon
  2757 | D:5      | Reached skill level 11 in Axes
  2831 | D:5      | Found a snail-covered altar of Cheibriados.
  2899 | D:5      | Reached **** piety under Trog
  3105 | D:5      | Reached XP level 8. HP: 34/64 MP: 7/7
  3467 | D:6      | Found Emparaf's General Store.
  3593 | D:6      | Reached skill level 12 in Axes
  3809 | D:6      | Found a sacrificial altar of Ru.
  3882 | D:6      | Reached skill level 13 in Axes
  4308 | D:7      | Reached XP level 9. HP: 70/70 MP: 8/8
  4316 | D:7      | Reached skill level 14 in Axes
  4453 | D:7      | Found a staircase to the Ecumenical Temple.
  4842 | D:7      | Reached ***** piety under Trog
  5324 | D:8      | Reached skill level 15 in Axes
  5618 | D:8      | Found a burning altar of Makhleb.
  5634 | D:8      | Noticed Prince Ribbit
  5644 | D:8      | Killed Prince Ribbit
  5816 | D:8      | Reached skill level 16 in Axes
  5934 | D:8      | Found a stormy altar of Qazlal.
  5936 | D:8      | Found a hide-covered altar of Uskayaw.
  5936 | D:8      | Found a blossoming altar of Fedhas.
  6080 | D:8      | Reached XP level 10. HP: 51/77 MP: 9/9
  6913 | D:9      | Reached skill level 17 in Axes
  6923 | D:9      | Received a gift from Trog
  6924 | D:9      | Got a crystal executioner's axe {god gift}
  6925 | D:9      | Identified the +1 executioner's axe of Luxury {vorpal, +Fly
                  | rF++ Stlth+} (Trog gifted it to you on level 9 of the
                  | Dungeon)
  7528 | D:9      | Found a staircase to the Lair.
  7754 | D:9      | HP: 7/77 [electric eel/bolt of electricity (5)]
  7754 | D:9      | Killed from afar by an electric eel

Table legend: (Time is in decaauts)
 A = Elapsed time spent in this place.
 B = Non-inter-level travel time spent in this place.
 C = Inter-level travel time spent in this place.
 D = Time resting spent in this place.
 E = Time spent auto-exploring this place.
 F = Levels seen in this place.
 G = Mean time per level.
                   A        B        C        D        E       F      G
               +--------+--------+--------+--------+--------+-----+--------+
         Total |   7816 |   7624 |    192 |   2107 |   4164 |   9 |  868.4 |
       Dungeon |   7816 |   7624 |    192 |   2107 |   4164 |   9 |  868.4 |
               +--------+--------+--------+--------+--------+-----+--------+

Top non-repeatable levels by time:
     D:7: 1204 daAuts
     D:8: 1163 daAuts
     D:9: 1149 daAuts
     D:4: 856 daAuts
     D:6: 856 daAuts
     D:1: 843 daAuts
     D:5: 743 daAuts
     D:2: 534 daAuts
     D:3: 464 daAuts

Table legend:
 A = Kills in this place as a percentage of kills in entire the game.
 B = Kills by you in this place as a percentage of kills by you in the entire game.
 C = Kills by friends in this place as a percentage of kills by friends in the entire game.
 D = Other kills in this place as a percentage of other kills in the entire game.
 E = Experience gained in this place as a percentage of experience gained in the entire game.
 F = Experience gained in this place divided by the number of levels of this place that you have seen.
                   A       B       C       D       E      F
               +-------+-------+-------+-------+-------+----------------------
         Total | 100.0 | 100.0 | 100.0 |   N/A | 100.0 | 852.2
       Dungeon | 100.0 | 100.0 | 100.0 |   N/A | 100.0 | 852.2
               +-------+-------+-------+-------+-------+----------------------

Action                   |  1- 3 |  4- 6 |  7- 9 | 10-12 || total
-------------------------+-------+-------+-------+-------++-------
Melee: Hand axe          |    76 |   106 |   137 |       ||   319
       Headbutt          |    11 |    16 |    44 |    20 ||    91
       Battleaxe         |       |       |   187 |     6 ||   193
       Broad axe         |       |       |       |    53 ||    53
       Executioner's axe |       |       |       |    25 ||    25
Invok: Berserk           |     3 |     2 |     5 |     1 ||    11
       Trog's Hand       |       |       |       |     1 ||     1
       Brothers in Arms  |       |       |       |     1 ||     1
  Use: Scroll            |     8 |     7 |    10 |     3 ||    28
       Potion            |       |       |       |     2 ||     2
Armor: Animal skin       |    12 |       |       |       ||    12
       Chain mail        |    21 |    46 |   140 |    41 ||   248
Dodge: Dodged            |    50 |    45 |   101 |    32 ||   228
Block: Other             |       |       |    19 |    29 ||    48
       Reflection        |       |       |     4 |     1 ||     5

Vanquished Creatures
  A troll (D:9)
  Prince Ribbit (D:8)
  The ghost of ardl the Chopper, an amateur FoFi of Nemelex Xobeh (D:3)
  2 water moccasins
  2 ice beasts
  4 sky beasts
  6 orc warriors
  A necrophage (D:7)
  4 ogres
  A phantom (D:4)
  A wolf (D:9)
  4 centaurs
  A big kobold (D:7)
  3 bullfrogs
  4 scorpions
  A wyvern skeleton (D:8)
  10 wights
  3 electric eels (D:9)
  A bullfrog zombie (D:6)
  8 hounds
  2 jellies
  7 orc wizards
  6 orc priests
  6 worker ants
  A hound zombie (D:6)
  A hound skeleton (D:8)
  A howler monkey zombie (D:7)
  Robin (D:3)
  8 gnolls
  A howler monkey skeleton (D:6)
  8 adders
  3 shadow imps (D:6)
  3 white imps
  4 ufetubi
  2 oozes
  An adder zombie (D:8)
  2 adder skeletons
  5 worms
  2 dart slugs
  5 leopard geckos
  44 orcs
  5 giant cockroaches
  15 goblins
  10 hobgoblins
  7 jackals
  15 kobolds
  5 quokkas
  3 ball pythons
  3 bats
  5 frilled lizards
  A leopard gecko skeleton (D:4)
  6 rats
  3 bushes (D:8)
250 creatures vanquished.

Vanquished Creatures (collateral kills)
  2 orc warriors (D:9)
  A phantom (D:9)
  2 electric eels (D:9)
  An orc wizard (D:9)
  An ufetubus (D:9)
7 creatures vanquished.

Vanquished Creatures (others)
  An adder (D:9)
  3 bushes (D:8)
  2 plants (D:8)
6 creatures vanquished.

Grand Total: 263 creatures vanquished
